 Dungeon Crawl Stone Soup version 0.28-a0-723-g095bd1b44f (webtiles) character file.

Game seed: 10884199392748911365

105 cheechan the Chopper (level 4, -4/43 HPs)
             Began as a Naga Chaos Knight on Oct 25, 2021.
             Was a Plaything of Xom.
             Slain by a kobold brigand (7 damage)
             ... in a sewer.
             The game lasted 00:06:14 (1693 turns).

cheechan the Chopper (Naga Chaos Knight)            Turns: 1693, Time: 00:06:14

Health: -4/43      AC:  6    Str: 15    XL:     4   Next: 81%
Magic:  4/4        EV:  8    Int: 13    God:    Xom [..*...]
Gold:   220        SH:  3    Dex: 10    Spells: 3/3 levels left

rFire   . . .      SeeInvis +   a - +0 hand axe (chaos)
rCold   . . .      Faith    .   l - +0 buckler
rNeg    + . .      Spirit   .   n - +2 leather armour {rN+}
rPois   +          Reflect  .   q - +0 helmet
rElec   .          Harm     .   (no cloak)
rCorr   .          Rampage  .   (no gloves)
Will    .....                   (no barding)
Stlth   +.........              (no amulet)
HPRegen 0.14/turn               (no ring)
MPRegen 0.09/turn               (no ring)

@: very slow
A: AC +1, large, see invisible, deformed body, poison resistance, slowness 2,
spit poison 1, naga tail 1
a: Spit Poison, Renounce Religion


You were in a sewer.
You worshipped Xom.
You were a toy of Xom.
You visited 1 branch of the dungeon, and saw 3 of its levels.
You also visited: Sewer.

You collected 220 gold pieces.

Inventory:

Hand Weapons
 a - a +0 hand axe of chaos (weapon)
 p - a +3 dagger of venom
Missiles
 c - 44 arrows
 e - 16 sling bullets
 i - 63 stones
 k - 13 bolts
Armour
 l - a +0 buckler (worn)
 n - a +2 leather armour of positive energy (worn)
 q - a +0 helmet (worn)
Magical Staves
 g - a staff of poison
Scrolls
 m - a scroll of identify
 o - a scroll of enchant armour {unknown}
Potions
 f - a potion of attraction {unknown}
 h - a potion of magic {unknown}
 j - a potion of cancellation {unknown}


   Skills:
 + Level 3.6 Fighting
 + Level 4.2 Axes
 + Level 1.9 Armour
 + Level 1.3 Dodging
 + Level 2.0 Stealth


You had 3 spell levels left.
You didn't know any spells.
Your spell library contained the following spells:

 Spells                   Type           Power      Damage    Failure   Level
 Summon Small Mammal      Summ           0%         N/A       54%         1
 Call Canine Familiar     Summ           0%         N/A       88%         3
 Summon Guardian Golem    Hex/Summ       0%         N/A       88%         3


Dungeon Overview and Level Annotations

Branches:
Dungeon (3/15)              Sewer (1/1)

Altars:
Xom


Innate Abilities, Weirdness & Mutations

Your serpentine skin is tough. (AC +1)
You have supernaturally acute eyesight. (SInv)
Armour fits poorly on your strangely shaped body.
Your system is resistant to poisons. (rPois)
You cover ground very slowly.
You can spit poison.
You have a snake-like lower body.


Message History

You closely miss the kobold brigand.
The kobold brigand is moderately wounded.
You have got your breath back.
The kobold brigand splashes around in the water.
You hit the kobold brigand but do no damage.
The kobold brigand goes berserk!
The kobold brigand is moderately wounded.
The kobold brigand hits you with a +0 short sword.
The kobold brigand barely misses you.
You closely miss the kobold brigand.
The kobold brigand is moderately wounded.
The kobold brigand splashes around in the water.
You barely miss the kobold brigand.
The kobold brigand is moderately wounded.
The kobold brigand hits you with a +0 short sword.
The kobold brigand hits you with a +0 short sword!
You closely miss the kobold brigand.
The kobold brigand is moderately wounded.
The kobold brigand hits you with a +0 short sword.
* * * LOW HITPOINT WARNING * * *
The kobold brigand hits you with a +0 short sword!
* * * LOW HITPOINT WARNING * * *
You feel better.
The kobold brigand splashes around in the water.
Okay, then.
Drop what? 15/52 slots (_ for help) (? for menu, Esc to quit)
Okay, then.
Abil: Spit Poison
Press: ? - help, Q - select action, (/) - cycle Shift-Dir - straight line, f/p - kobold brigand
Aim: a kobold brigand, wielding a +0 short sword and quivering poisoned darts (magical condensation, moderately wounded, berserk, unusually resistant)
The splash of poison hits the kobold brigand.
The kobold brigand is moderately wounded.
The kobold brigand hits you with a +0 short sword.
* * * LOW HITPOINT WARNING * * *
The kobold brigand splashes around in the water.
You have got your breath back.
The kobold brigand is no longer unusually resistant.
The kobold brigand hits you with a +0 short sword!
You die...
Xom bursts into laughter!

##### ## ≈≈≈≈####### .≈≈
#.≈≈.≈≈≈## .≈≈≈ ######
#≈≈≈≈≈≈..# #≈.≈
#.≈≈≈§###≈≈≈...≈.####≈..
#§K@≈.####≈.≈≈##≈..≈
#.≈≈≈§##### ##..≈.≈....
###### ##≈.≈.≈.≈≈
#≈≈.≈.≈.. #≈≈≈≈≈≈.∩
#≈≈≈≈.≈.. #.≈≈....≈
#...≈..≈≈. #≈.≈.##.≈..


You could see a kobold brigand (berserk).

Vanquished Creatures
  Robin (D:3)
  2 adders
  A worm (D:2)
  2 dart slugs
  4 bats
  3 endoplasms
  2 giant cockroaches
  17 goblins
  9 hobgoblins
  7 jackals
  A quokka (D:1)
  3 ball pythons
  3 frilled lizards
  3 kobolds
  2 rats (D:1)
60 creatures vanquished.

Notes
Turn   | Place    | Note
-------+----------+-------------------------------------------
     0 | D:1      | cheechan the Naga Chaos Knight began the quest for the Orb.
     0 | D:1      | Reached XP level 1. HP: 21/21 MP: 1/1
     6 | D:1      | Noticed a lindwurm
     6 | D:1      | Noticed a wolf
     7 | D:1      | Noticed a black mamba
     7 | D:1      | Noticed a killer bee
   285 | D:1      | Reached XP level 2. HP: 22/28 MP: 2/2
   496 | D:1      | Found a faded altar of an unknown god.
   515 | D:1      | Reached skill level 1 in Dodging
   880 | D:2      | Reached XP level 3. HP: 26/34 MP: 3/3
   900 | D:2      | Reached skill level 1 in Stealth
   965 | D:2      | XOM: draining
  1017 | D:2      | XOM: scenery: create altars
  1212 | D:2      | Reached XP level 4. HP: 38/41 MP: 4/4
  1547 | D:3      | Noticed Robin
  1567 | D:3      | Killed Robin
  1568 | D:3      | Reached skill level 4 in Axes
  1640 | D:3      | Found a glowing drain.
  1650 | Sewer    | Entered a sewer
  1675 | Sewer    | Noticed a kobold brigand
  1679 | Sewer    | XOM: enchant monster (bad)
  1684 | Sewer    | XOM: smoke on damage
  1693 | Sewer    | Slain by a kobold brigand

Illustrated notes

Levels and vault maps discovered:
D:1:      onia_arrival_zoo_common, layout_basic,
          hellmonk_ecumenical_altar_run_dry
D:2:      cheibrodos_greedy_goblins, layout_rooms, st_stairs_6
D:3:      layout_rooms, mainiacjoe_overflow_alcove_1, portal_sewer_entry_d,
          dk_noncrumbling_2, uniq_robin
Sewer:    sewer_co_tree

Skill      XL: |  1  2  3  4 |
---------------+-------------+-----
Dodging        | 1 |  1.3
Stealth        | 1 2 |  2.0
Axes           | 4 |  4.2
Fighting       | |  3.6
Armour         | |  1.9

Action                   |  1- 3 |  4- 6 || total
-------------------------+-------+-------++-------
Melee: Hand axe          |   107 |    62 ||   169
 Abil: Spit Poison       |     5 |     6 ||    11
  Use: Scroll            |     4 |       ||     4
       Potion            |       |     1 ||     1
 Stab: Sleeping          |     1 |     1 ||     2
       Paralysed         |     1 |       ||     1
Armor: Leather armour    |    48 |    19 ||    67
Dodge: Dodged            |    55 |    35 ||    90
Block: Buckler           |       |     5 ||     5

Table legend: (Time is in decaauts)
 A = Elapsed time spent in this place.
 B = Non-inter-level travel time spent in this place.
 C = Inter-level travel time spent in this place.
 D = Time resting spent in this place.
 E = Time spent auto-exploring this place.
 F = Levels seen in this place.
 G = Mean time per level.
                   A        B        C        D        E       F      G
               +--------+--------+--------+--------+--------+-----+--------+
         Total |   2286 |   2286 |      0 |     45 |      0 |   4 |  571.5 |
       Dungeon |   2220 |   2220 |      0 |     45 |      0 |   3 |  740.0 |
         Sewer |     65 |     65 |      0 |      0 |      0 |   1 |   65.0 |
               +--------+--------+--------+--------+--------+-----+--------+

Top non-repeatable levels by time:
     D:1: 1163 daAuts
     D:2: 706 daAuts
     D:3: 350 daAuts
   Sewer: 65 daAuts
